 Dungeon Crawl Stone Soup version 0.31-a0-108-gdf935468f2 (webtiles) character file.

Game seed: 6483961142394861395

34934 lorenzova the Eclecticist (level 13, -8/63 HPs)
             Began as a Deep Elf Conjurer on May 27, 2023.
             Was an Elder of Vehumet.
             Mangled by a six-headed hydra (13 damage)
             ... on level 5 of the Lair of Beasts.
             The game lasted 00:55:04 (18205 turns).

lorenzova the Eclecticist (Deep Elf Conjurer)      Turns: 18205, Time: 00:55:05

Health: -8/63      AC: 10    Str:  4    XL:     13   Next: 44%
Magic:  35/43      EV: 18    Int: 35    God:    Vehumet [****..]
Gold:   676        SH:  0    Dex: 13    Spells: 22/43 levels left

rFire   . . .        o - +6 mace of the Valley of Death {flame, rN+ MP+9}
rCold   . . .        (no shield)
rNeg    + . .        v - +2 robe {Archmagi}
rPois   .            O - +1 hat {Will+}
rElec   +            k - +2 cloak {Will+}
rCorr   .            (no gloves)
SInv    .            h - +2 pair of slick slippers {slick, slippery, EV+4}
Will    ++++.        e - amulet of magic regeneration
Stlth   ++           n - ring "Odauruwk" {rElec Will+ Int+6}
HPRegen 0.30/turn    N - ring of wizardry
MPRegen 0.68/turn

%: wizardry (x1), archmagi
@: about to teleport
A: no striking features
a: Renounce Religion


You were on level 5 of the Lair of Beasts.
You worshipped Vehumet.
Vehumet was greatly pleased with you.
You visited 3 branches of the dungeon, and saw 17 of its levels.
You also visited: Sewer and Gauntlet.

You collected 886 gold pieces.
You spent 210 gold pieces at shops.

Inventory:

Hand Weapons
 o - the +6 mace of the Valley of Death (weapon) {flame, rN+ MP+9}
   (You found it on level 3 of the Lair of Beasts)

   rN:        It protects you from negative energy.
   MP:        It affects your magic capacity (+9).
 r - the +10 hand axe "Ofocw" {speed, +Blink Int-4 Dex+2}
   (You took it off an efreet on level 8 of the Dungeon)

   Int:       It affects your intelligence (-4).
   Dex:       It affects your dexterity (+2).
   +Blink:    It lets you blink.
Armour
 h - the +2 pair of slick slippers (worn) {slick, slippery, EV+4}
   (You found it in a Gauntlet)

   Slick:     Its wearer cannot be constricted, engulfed, netted or webbed.
   Slippery:  Its wearer slips away from damaging melee attacks, pulling the
   attacker onward.
   EV:        It affects your evasion (+4).
 j - the +1 leather armour "Acuepuarch" {rElec Will- Slay+3}
   (You found it on level 7 of the Dungeon)

   Slay:      It affects your accuracy & damage with ranged weapons and melee
   (+3).
   rElec:     It insulates you from electricity.
   Will:      It decreases your willpower.
 k - a +2 cloak of willpower (worn)
 p - +0 steam dragon scales
 v - a +2 robe of the Archmagi (worn)
 J - the +3 leather armour of Elitism {Rampage rF+ rCorr}
   (You bought it in a shop on level 1 of the Dungeon)

   rF:        It protects you from fire.
   rCorr:     It protects you from acid and corrosion.
   Rampage:   It bestows one free step when moving towards enemies.
 O - a +1 hat of willpower (worn)
Magical Staves
 K - the staff of cold "Paruu" {rF+ rC+ Dex+3 SInv}
   (You found it on level 8 of the Dungeon)

   [staff of cold]

   Base accuracy: +5 Base damage: 5 Base attack delay: 1.2 This weapon's minimum
   attack delay (0.6) is reached at skill level 12.
   Dex:       It affects your dexterity (+3).
   rF:        It protects you from fire.
   rC:        It protects you from cold.
   SInv:      It lets you see invisible.
   It falls into the 'Staves' category.
   It is a one-handed weapon.
 P - a staff of fire
Jewellery
 e - an amulet of magic regeneration (around neck)
 n - the ring "Odauruwk" (left hand) {rElec Will+ Int+6}
   (You found it in a Gauntlet)

   [ring of intelligence]

   Int:       It affects your intelligence (+6).
   rElec:     It insulates you from electricity.
   Will:      It increases your willpower.
 q - a ring of protection from cold
 M - a ring of fire
 N - a ring of wizardry (right hand)
Wands
 L - a wand of digging (4)
Scrolls
 a - 2 scrolls of vulnerability
 f - 3 scrolls of enchant weapon {unknown}
 g - 6 scrolls of teleportation
 m - 4 scrolls of amnesia
 s - a scroll of fear
 u - a scroll of fog {unknown}
 y - 2 scrolls of poison
 z - a scroll of magic mapping {unknown}
 A - 4 scrolls of blinking
Potions
 b - 3 potions of magic
 c - 2 potions of haste
 d - 3 potions of lignification
 i - 10 potions of curing
 l - 2 potions of mutation
 t - 4 potions of heal wounds {unknown}
 w - a potion of resistance {unknown}
 x - 4 potions of attraction
 B - 2 potions of enlightenment {unknown}
 C - 3 potions of might
 E - a potion of cancellation {unknown}
 F - 2 potions of ambrosia {unknown}
 G - 2 potions of invisibility {unknown}
 H - 3 potions of brilliance {unknown}


   Skills:
 + Level 3.9 Armour
 + Level 6.3 Dodging
 - Level 2.4 Stealth
 * Level 15.5 Spellcasting
 * Level 13.6 Conjurations
 - Level 6.0 Hexes
 - Level 6.0 Translocations
 * Level 12.0 Fire Magic
 * Level 7.0 Air Magic


You had 22 spell levels left.
You knew the following spells:

 Your Spells              Type           Power      Damage    Failure   Level
a - Magic Dart            Conj           100%       1d8       0%          1
b - Searing Ray           Conj           100%       2d8       0%          2
c - Iskenderun's Mystic   Conj/Tloc      97%        2d19      1%          4
d - Fulminant Prism       Conj/Hex       48%        3d21      1%          4
l - Plasma Beam           Fire/Air       48%        2x1d68    1%          6
s - Sticky Flame          Conj/Fire      100%       2d11      1%          4

Your spell library contained the following spells:

 Spells                   Type           Power      Damage    Failure   Level
 Fireball                 Conj/Fire      54%        3d21      1%          5
 Scorch                   Fire           100%       2d9       0%          2
 Beastly Appendage        Tmut           80%        N/A       1%          1
 Kiss of Death            Conj/Necr      100%       2d13      1%          1
 Wereblood                Tmut           40%        N/A       1%          2
 Confusing Touch          Hex            81%        N/A       1%          3
 Dazzling Flash           Conj/Hex       100%       N/A       1%          3
 Ignite Poison            Fire/Tmut/Pois 70%        N/A       1%          3
 Spider Form              Tmut/Pois      40%        N/A       1%          3
 Vhi's Electric Charge    Tloc/Air       100%       N/A       1%          3
 Volatile Blastmotes      Fire/Tloc      100%       2d18      1%          3
 Flame Wave               Conj/Fire      100%       2d21      1%          4
 Arcjolt                  Conj/Air       49%        1d59      1%          5
 Starburst                Conj/Fire      54%        6d15      1%          6
 Animate Dead             Necr           40%        N/A       6%          4
 Dispel Undead            Necr           40%        3d16      6%          4
 Ignition                 Fire           52%        3d15      8%          8
 Borgnjor's Vile Clutch   Necr/Erth      20%        N/A       16%         5
 Death Channel            Necr           20%        N/A       61%         6
 Summon Cactus Giant      Summ           20%        N/A       61%         6


Dungeon Overview and Level Annotations

Branches:
Dungeon (11/15)            Temple (1/1) D:4            Lair (4/5) D:10
  Swamp (0/4) Lair:3        Snake (0/4) Lair:3        Sewer (visited)
Gauntlet (visited)
  Slime: Lair:4-5       Orc: D:9-12

Altars:
Ashenzari
Cheibriados
Dithmenos
Elyvilon
Hepliaklqana
Kikubaaqudgha
Okawaru
Qazlal
Ru
Vehumet
Wu Jian
Xom
Zin
The Shining One

Shops:
D:1 [   D:6 *

Annotations:
D:10 exclusion: downstairs


Message History

Confirm with . or Enter, or press ? or * to list all spells.
You feel a surge of power!
You erupt in a blast of force!
The mystic blast hits the six-headed hydra!!
The six-headed hydra is moderately wounded.
The six-headed hydra is knocked back by the mystic blast.
The mystic blast hits the water moccasin!
The water moccasin is heavily wounded.
The water moccasin is knocked back by the mystic blast.
You hear a howl! x4
The catoblepas smashes its foot into the ground.
You hear a howl!
You hear a trumpeting!
Unknown command.
Unknown command.
As you read the scroll of teleportation, it crumbles to dust.
You feel strangely unstable.
A wolf comes into view.
The six-headed hydra attacks as you move away!
The six-headed hydra misses you. The six-headed hydra barely misses you.
The six-headed hydra bites you but does no damage.
The six-headed hydra bites you. The six-headed hydra misses you. x2
The six-headed hydra attacks as you move away!
The six-headed hydra bites you!
* * * LOW HITPOINT WARNING * * *
The six-headed hydra bites you.
* * * LOW HITPOINT WARNING * * *
The six-headed hydra closely misses you.
The six-headed hydra misses you. The six-headed hydra barely misses you.
The six-headed hydra bites you.
* * * LOW HITPOINT WARNING * * *
A blink frog comes into view.
The blink frog croaks.
A wolf comes into view. x2
The water moccasin barely misses you. The water moccasin misses you.
The water moccasin attacks as you move away!
The water moccasin completely misses you.
The six-headed hydra attacks as you move away!
The six-headed hydra bites you but does no damage.
The six-headed hydra bites you!
You die...

.....♣ .....♣
.....♣
###.#...♣
##........
#.........
#.........
##DSh.....
#@.Y.....
#........
P........
........h.
.......F...
..#.........
....#.....h..
...
..........


You could see a catoblepas, a six-headed hydra, a blink frog, a water moccasin
and 3 wolves.

Vanquished Creatures
  Gastronok (D:10)
  A quicksilver ooze (Gauntlet)
  A minotaur (Gauntlet)
  4 hydras
  2 ghost crabs (Lair:3)
  3 two-headed ogres
  A tengu warrior (D:8)
  A skyshark (Lair:4)
  A spectral hydra (Lair:3)
  An orange crystal statue (Gauntlet)
  A lindwurm (Lair:4)
  A spectral boulder beetle (Lair:3)
  A cyclops (D:8)
  4 black mambas
  Maurice (D:8)
  7 cane toads
  An ice statue (Gauntlet)
  9 komodo dragons
  Psyche (D:8)
  Maggie (D:8)
  3 rime drakes
  2 efreet
  A kobold demonologist (D:9)
  6 polar bears
  2 trolls
  Prince Ribbit (D:6)
  3 blink frogs (Lair:1)
  6 dream sheep (Lair:4)
  A spectral black mamba (Lair:3)
  A spectral dream sheep (Lair:3)
  A wyvern (Lair:3)
  2 wraiths
  22 yaks
  4 basilisks
  3 vampire mosquitoes (D:10)
  3 wargs (D:10)
  A spectral cane toad (Lair:3)
  4 nagas (Lair:3)
  21 water moccasins
  An ice beast (D:4)
  2 sky beasts
  4 orc warriors
  5 wolves (Lair:1)
  2 ogres
  2 centaurs
  A kobold brigand (D:6)
  19 bullfrogs
  A gnoll sergeant (D:7)
  A scorpion (D:6)
  4 wights
  7 howler monkeys
  5 hounds
  2 jellies
  6 orc priests
  An iguana (D:5)
  8 orc wizards
  9 gnolls (D:7)
  12 adders
  2 river rats (Sewer)
  4 shadow imps
  7 white imps
  3 ufetubi
  3 worms
  3 dart slugs
  38 orcs
  7 endoplasms
  6 giant cockroaches
  5 goblins
  10 hobgoblins
  8 jackals
  12 kobolds
  A quokka (D:3)
  14 ball pythons
  6 bats
  8 frilled lizards
  9 rats
368 creatures vanquished.

Vanquished Creatures (others)
  An orc (D:4)
  An endoplasm (D:4)
  52 fulminant prisms
54 creatures vanquished.

Grand Total: 422 creatures vanquished

Notes
Turn   | Place    | Note
-------+----------+-------------------------------------------
     0 | D:1      | lorenzova the Deep Elf Conjurer began the quest for the
                  | Orb.
     0 | D:1      | Reached XP level 1. HP: 10/10 MP: 6/6
   231 | D:1      | Reached XP level 2. HP: 15/15 MP: 4/8
   269 | D:1      | Learned a level 2 spell: Searing Ray
   708 | D:1      | Reached skill level 4 in Spellcasting
   861 | D:1      | Found Bupur's Antique Armour Boutique.
   937 | D:1      | Reached XP level 3. HP: 19/19 MP: 8/10
  1004 | D:1      | Reached skill level 5 in Conjurations
  1377 | D:2      | Reached XP level 4. HP: 24/24 MP: 10/12
  1599 | D:2      | Found a faded altar of an unknown god.
  2340 | D:3      | Reached skill level 5 in Spellcasting
  2447 | D:3      | Found an ornate altar of the Wu Jian Council.
  2449 | D:3      | Found a shadowy altar of Dithmenos.
  2449 | D:3      | Found a snail-covered altar of Cheibriados.
  2449 | D:3      | Found a glowing silver altar of Zin.
  2459 | D:3      | Found a glowing golden altar of the Shining One.
  2461 | D:3      | Found a white marble altar of Elyvilon.
  3357 | D:3      | Reached XP level 5. HP: 28/28 MP: 11/14
  3704 | D:3      | Reached skill level 6 in Spellcasting
  3790 | D:3      | Learned a level 4 spell: Iskenderun's Mystic Blast
  3795 | D:3      | Learned a level 4 spell: Fulminant Prism
  3800 | D:3      | Learned a level 4 spell: Sticky Flame
  4066 | D:4      | Noticed an ice beast
  4109 | D:4      | Found a staircase to the Ecumenical Temple.
  4328 | D:4      | Noticed an ogre
  4365 | D:4      | Killed an ice beast
  4366 | D:4      | Reached skill level 1 in Fire Magic
  4366 | D:4      | Reached XP level 6. HP: 32/32 MP: 9/17
  4415 | D:4      | Reached skill level 1 in Hexes
  4448 | D:4      | Reached skill level 1 in Translocations
  4964 | D:4      | Found a shimmering altar of Xom.
  4971 | D:4      | Reached skill level 7 in Spellcasting
  4971 | D:4      | Reached XP level 7. HP: 36/36 MP: 14/19
  5056 | Temple   | Entered the Ecumenical Temple
  5076 | Temple   | Became a worshipper of Vehumet
  5116 | D:5      | Entered Level 5 of the Dungeon
  6212 | D:6      | Noticed a steam dragon
  6234 | D:6      | Found a glowing drain.
  6243 | Sewer    | Entered a sewer
  6570 | Sewer    | Reached * piety under Vehumet
  6570 | Sewer    | Offered knowledge of Kiss of Death by Vehumet.
  6809 | D:6      | Reached XP level 8. HP: 41/41 MP: 16/21
  7094 | D:6      | Reached skill level 8 in Spellcasting
  7110 | D:6      | Found Veyd's Overcharged Wands.
  7248 | D:6      | Noticed Prince Ribbit
  7271 | D:6      | Killed Prince Ribbit
  7602 | D:7      | Identified the +1 leather armour "Acuepuarch" {rElec Will-
                  | Slay+3}
  7798 | D:7      | Reached skill level 5 in Fire Magic
  7817 | D:7      | Reached skill level 9 in Spellcasting
  7834 | D:7      | Reached ** piety under Vehumet
  7853 | D:7      | Offered knowledge of Momentum Strike by Vehumet.
  7854 | D:7      | Reached XP level 9. HP: 45/45 MP: 21/24
  8248 | D:1      | Bought a crude leather armour for 210 gold pieces
  8248 | D:1      | Identified the +3 leather armour of Elitism {Rampage rF+
                  | rCorr} (You bought it in a shop on level 1 of the Dungeon)
  8655 | D:8      | Noticed a tengu warrior
  8655 | D:8      | Noticed a troll
  8670 | D:8      | Killed a troll
  8676 | D:8      | Killed a tengu warrior
  8677 | D:8      | Reached skill level 10 in Spellcasting
  8677 | D:8      | Reached skill level 5 in Hexes
  8805 | D:8      | Noticed a cyclops
  9418 | D:8      | Noticed Maggie
  9427 | D:8      | Killed Maggie
  9508 | D:8      | Identified the +10 hand axe "Ofocw" {speed, +Blink Int-4
                  | Dex+2}
  9508 | D:8      | Noticed an efreet
  9517 | D:8      | Killed an efreet
  9518 | D:8      | Reached XP level 10. HP: 50/50 MP: 18/26
  9569 | D:8      | Killed a cyclops
  9580 | D:8      | Noticed Psyche
  9586 | D:8      | Killed Psyche
  9586 | D:8      | Offered knowledge of Static Discharge by Vehumet.
  9587 | D:8      | Reached skill level 11 in Spellcasting
  9587 | D:8      | Reached skill level 10 in Conjurations
  9587 | D:8      | Reached skill level 5 in Translocations
  9619 | D:8      | Identified the staff of cold "Paruu" {rF+ rC+ Dex+3 SInv}
 10070 | D:8      | Noticed Maurice
 10092 | D:8      | Killed Maurice
 10564 | D:9      | Noticed a two-headed ogre
 10564 | D:9      | Noticed a two-headed ogre
 10568 | D:9      | Reached *** piety under Vehumet
 10571 | D:9      | Killed a two-headed ogre
 10572 | D:9      | Reached skill level 12 in Spellcasting
 10576 | D:9      | Killed a two-headed ogre
 10577 | D:9      | Reached XP level 11. HP: 54/54 MP: 20/29
 11066 | D:9      | You fall into a shaft and drop 1 floor!
 11066 | D:10     | Entered Level 10 of the Dungeon
 11077 | D:10     | Noticed a two-headed ogre
 11087 | D:10     | Killed a two-headed ogre
 11148 | D:10     | Offered knowledge of Hailstorm by Vehumet.
 11165 | D:10     | Learned a level 6 spell: Plasma Beam
 11251 | D:10     | Noticed Gastronok
 11293 | D:10     | Killed Gastronok
 11294 | D:10     | Reached skill level 13 in Spellcasting
 11294 | D:10     | Reached skill level 1 in Air Magic
 11332 | D:10     | Reached skill level 1 in Armour
 11650 | D:9      | Identified the +0 scale mail of Integrity {rN+ rCorr Str-5
                  | Dex+3}
 12119 | D:10     | Found a staircase to the Lair.
 12182 | D:10     | Found a sacrificial altar of Ru.
 12383 | D:11     | Noticed a white ugly thing
 12507 | Lair:1   | Entered Level 1 of the Lair of Beasts
 12779 | Lair:1   | Reached **** piety under Vehumet
 12938 | Lair:1   | Reached skill level 10 in Fire Magic
 12949 | Lair:1   | Found a gate leading to a gauntlet.
 12958 | Gauntlet | Entered a Gauntlet
 12958 | Gauntlet | Found a transporter.
 12958 | Gauntlet | Found a transporter.
 12958 | Gauntlet | Found a runed translucent gate.
 13015 | Gauntlet | Noticed a shining eye
 13016 | Gauntlet | Found a runed translucent gate.
 13017 | Gauntlet | Found a runed translucent gate.
 13025 | Gauntlet | Found a transporter.
 13043 | Gauntlet | Found a transporter.
 13043 | Gauntlet | Found a transporter.
 13045 | Gauntlet | Found a transporter.
 13045 | Gauntlet | Found a transporter.
 13047 | Gauntlet | Noticed a hell hog
 13050 | Gauntlet | Found a runed translucent door.
 13050 | Gauntlet | Found a runed translucent door.
 13057 | Gauntlet | Found a transporter.
 13071 | Gauntlet | Noticed a hell beast
 13073 | Gauntlet | Found a transporter.
 13081 | Gauntlet | Noticed a quicksilver ooze
 13083 | Gauntlet | Found a transporter.
 13084 | Gauntlet | Found the +2 pair of slick slippers {slick, slippery, EV+4}
 13097 | Gauntlet | Found a transporter.
 13123 | Gauntlet | Noticed an orange crystal statue
 13124 | Gauntlet | Found a transporter.
 13131 | Gauntlet | Found a transporter.
 13140 | Gauntlet | Noticed a necromancer
 13147 | Gauntlet | Found a transporter.
 13217 | Gauntlet | Identified the ring "Odauruwk" {rElec Will+ Int+6}
 13330 | Gauntlet | Noticed a soul eater
 13384 | Gauntlet | Killed an orange crystal statue
 13384 | Gauntlet | Offered knowledge of Lee's Rapid Deconstruction by Vehumet.
 13427 | Gauntlet | Killed a quicksilver ooze
 13471 | Gauntlet | Noticed a minotaur
 13476 | Gauntlet | Killed a minotaur
 13477 | Gauntlet | Reached XP level 12. HP: 25/59 MP: 8/31
 14391 | Lair:2   | Reached skill level 14 in Spellcasting
 14469 | Lair:2   | Noticed a five-headed hydra
 14470 | Lair:2   | Killed a five-headed hydra
 15620 | Lair:3   | Reached skill level 5 in Air Magic
 15631 | Lair:3   | Reached skill level 5 in Dodging
 15712 | Lair:3   | Reached ***** piety under Vehumet
 15712 | Lair:3   | Offered knowledge of Fireball by Vehumet.
 15761 | Lair:3   | Noticed a five-headed hydra
 15762 | Lair:3   | Killed a five-headed hydra
 15820 | Lair:3   | Noticed a four-headed hydra
 15824 | Lair:3   | Killed a four-headed hydra
 15852 | Lair:3   | Identified the +6 mace of the Valley of Death {flame, rN+
                  | MP+9}
 16009 | Lair:3   | Noticed a ghost crab
 16249 | Lair:3   | Killed a ghost crab
 16591 | Lair:3   | Found a staircase to the Snake Pit.
 16793 | Lair:3   | Identified the +5 ring mail "Hixaih" {Harm Will+ Dex+2}
 16881 | Lair:3   | Noticed a ghost crab
 16884 | Lair:3   | Killed a ghost crab
 16885 | Lair:3   | Reached XP level 13. HP: 63/63 MP: 33/33
 17002 | Lair:3   | Found a staircase to the Swamp.
 17169 | Lair:4   | Reached skill level 15 in Spellcasting
 18055 | Lair:4   | You fall into a shaft and drop 1 floor!
 18055 | Lair:5   | Entered Level 5 of the Lair of Beasts
 18205 | Lair:5   | Mangled by a six-headed hydra

Illustrated notes

Levels and vault maps discovered:
D:1:      roderic_crossed_star, layout_loops_ring, serial_shops, shop
D:2:      layout_basic, hellmonk_ecumenical_altar_run_dry, minmay_pentomino_pile
D:3:      layout_basic, minmay_overflow_temple_hex
D:4:      layout_rooms, xom_confusion_cloud, temple_doors_ab
D:5:      layout_basic
D:6:      layout_rooms, portal_sewer_entry_d, nicolae_shop_overcharged_wands,
          uniq_prince_ribbit1
D:7:      layout_rooms, minmay_door_square
D:8:      minmay_cut_squares, layout_basic, serial_demonic, serial_demonic_g,
          serial_demonic_d, serial_demonic_c, serial_demonic_d,
          serial_demonic_c, serial_demonic_e, grunt_decor_clamped, st_stairs_1,
          uniq_psyche, uniq_maurice, uniq_maggie
D:9:      minmay_opposing_rooms, layout_loops_corners
D:10:     layout_gridville, mainiacjoe_overflow_24_doors,
          erik_lair_orcish_takeover, uniq_gastronok
D:11:     layout_layer_cave, erik_orc_2, minmay_fractal_squares_diagonal_5,
          uniq_erica
Temple:   nicolae_temple_superstar
Lair:1:   layout_regular_city, gauntlet_entry_generic, cheibrodos_lair_lostbears
Lair:2:   layout_regular_city, dreamdust_mushroom_princess, beast_lair_carwin_7
Lair:3:   layout_chaotic_city, nicolae_swamp_entry_spooky,
          minmay_snake_entry_guardpost_small
Lair:4:   layout_concentric_octagons, dpeg_slime_entry_enclosed,
          ebering_ghost_inner_flame, nicolae_lair_liquid_snakes
Lair:5:   minmay_lair_end_enchanted_forest, layout_gridlike, uniq_nessos

Skill      XL: |  1  2  3  4  5  6  7  8  9 10 11 12 13 |
---------------+----------------------------------------+-----
Spellcasting   | 4 5 6 7 9 10 12 13 14 15 | 15.5
Conjurations   | 5 6 7 8 9 11 12 13 | 13.6
Fire Magic     | 1 2 3 5 7 8 10 11 12 | 12.0
Hexes          | 1 3 4 6 |  6.0
Translocations | 1 2 3 4 6 |  6.0
Air Magic      | 3 6 7 |  7.0
Armour         | 2 3 |  3.9
Dodging        | 4 5 6 |  6.3
Stealth        | |  2.4

Action                     |  1- 3 |  4- 6 |  7- 9 | 10-12 | 13-15 || total
---------------------------+-------+-------+-------+-------+-------++-------
  Melee: Dagger            |       |     9 |    13 |       |       ||    22
         Punch             |       |     1 |       |       |       ||     1
         Staff             |       |       |       |    16 |       ||    16
         Mace              |       |       |       |       |     4 ||     4
   Cast: Magic Dart        |    69 |    90 |   101 |    87 |    17 ||   364
         Searing Ray       |     1 |    15 |    29 |    28 |     1 ||    74
         Fulminant Prism   |       |       |    24 |    26 |     2 ||    52
         Iskenderun's Myst |       |       |    12 |    68 |    16 ||    96
         Sticky Flame      |       |       |     1 |    28 |     4 ||    33
         Plasma Beam       |       |       |       |    50 |    28 ||    78
    Use: Scroll            |       |     1 |     7 |     9 |     2 ||    19
         Potion            |       |       |       |     1 |       ||     1
   Stab: Sleeping          |       |       |     2 |       |       ||     2
 Armour: Robe              |     2 |    10 |    11 |    15 |     5 ||    43
  Dodge: Dodged            |       |    27 |    26 |    32 |    12 ||    97

Table legend: (Time is in decaauts)
 A = Elapsed time spent in this place.
 B = Non-inter-level travel time spent in this place.
 C = Inter-level travel time spent in this place.
 D = Time resting spent in this place.
 E = Time spent auto-exploring this place.
 F = Levels seen in this place.
 G = Mean time per level.
                   A        B        C        D        E       F      G
               +--------+--------+--------+--------+--------+-----+--------+
         Total |  18302 |  17492 |    810 |   7306 |   6655 |  19 |  963.3 |
       Dungeon |  12014 |  11302 |    712 |   4678 |   4563 |  11 | 1092.2 |
        Temple |     39 |     21 |     18 |      0 |     13 |   1 |   39.0 |
          Lair |   5004 |   4924 |     80 |   2305 |   1772 |   5 | 1000.8 |
         Sewer |    568 |    568 |      0 |    154 |      0 |   1 |  568.0 |
      Gauntlet |    675 |    675 |      0 |    169 |    307 |   1 |  675.0 |
               +--------+--------+--------+--------+--------+-----+--------+

Top non-repeatable levels by time:
     D:4: 1744 daAuts
     D:8: 1739 daAuts
  Lair:3: 1509 daAuts
  Lair:2: 1376 daAuts
     D:9: 1270 daAuts
     D:2: 1208 daAuts
     D:3: 1170 daAuts
     D:1: 1111 daAuts
     D:5: 1045 daAuts
  Lair:1: 1037 daAuts
    D:10: 1031 daAuts
     D:6: 1014 daAuts
  Lair:4: 929 daAuts
Gauntlet: 675 daAuts
     D:7: 674 daAuts
